Map: Dusk Towers

Players

llllllllllll

  • Race: Protoss Protoss
  • League: Master

ThisGameSuck - Winner!

  • Race: Protoss Protoss
  • League: Grandmaster

VOD

Have the link to the VOD?

Description

Time

  • Played on: June 30, 2016, 2:31 p.m.
  • Length: 9:01
Show
View Real Time Build Order
Export as new Build Order

llllllllllll Protoss 

Build Orders: Oracle Opening 

Get SALT Encoding   

  12  0:02  Probe (Chrono Boost)  
  13  0:13  Probe (Chrono Boost)  
  14  0:17  Pylon  
  14  0:23  Probe (Chrono Boost)  
  15  0:36  Probe (Chrono Boost)  
  15  0:38  Gateway  
  16  0:43  Assimilator  
  16  0:46  Probe (Chrono Boost)  
  18  0:57  Probe (Chrono Boost)  
  18  0:58  Assimilator  
  18  1:07  Probe (Chrono Boost)  
  19  1:21  Gateway  
  19  1:24  Probe (Chrono Boost)  
  20  1:25  Cybernetics Core  
  20  1:34  Probe (Chrono Boost)  
  20  1:37  Pylon  
  21  1:45  Probe (Chrono Boost)  
  22  1:55  Probe (Chrono Boost)  
  23  2:02  Warp Gate (Chrono Boost)  
  23  2:08  Adept (Chrono Boost)  
  27  2:09  Adept (Chrono Boost)  
  27  2:10  Probe  
  27  2:15  Pylon  
  28  2:22  Stargate  
  28  2:25  Probe  
  31  2:38  Stalker (Chrono Boost)  
  31  2:40  Stalker (Chrono Boost)  
  31  2:41  Probe  
  34  2:53  Probe  
  35  2:58  Pylon  
  33  3:16  Oracle (Chrono Boost)  
  35  3:25  Nexus  
  35  3:26  Probe  
  35  3:38  Mothership Core (Chrono Boost)  
  37  3:52  Robotics Facility  
  37  3:58  Probe (Chrono Boost)  
  38  4:09  Pylon, Probe (Chrono Boost)  
  39  4:13  Pylon  
  39  4:27  Probe (Chrono Boost)  
  40  4:32  Pylon  
  40  4:38  Probe x2 (Chrono Boost)  
  42  4:41  Observer  
  47  4:48  Probe (Chrono Boost)  
  47  4:49  Probe (Chrono Boost)  
  49  4:55  Assimilator  
  49  4:59  Assimilator, Probe x2 (Chrono Boost)  
  51  5:02  Immortal  
  55  5:09  Probe (Chrono Boost)  
  55  5:12  Nexus  
  55  5:13  Probe (Chrono Boost)  
  53  5:15  Sentry x2  
  53  5:20  Probe (Chrono Boost)  
  58  5:24  Probe (Chrono Boost)  
  59  5:30  Probe (Chrono Boost)  
  57  5:36  Probe (Chrono Boost)  
  57  5:37  Pylon  
  57  5:41  Probe (Chrono Boost)  
  59  5:44  Immortal  
  59  5:46  Probe (Chrono Boost)  
  59  5:48  Pylon  
  64  5:51  Probe (Chrono Boost)  
  64  5:52  Void Ray  
  69  6:00  Probe (Chrono Boost)  
  70  6:06  Stargate  
  70  6:08  Probe (Chrono Boost)  
  70  6:11  Assimilator, Probe (Chrono Boost)  
  72  6:12  Stargate  
  73  6:18  Probe (Chrono Boost)  
  73  6:21  Probe (Chrono Boost)  
  73  6:23  Probe (Chrono Boost)  
  75  6:27  Protoss Air Weapons Level 1 (Chrono Boost)  
  75  6:29  Probe  
  75  6:30  Probe  
  77  6:33  Probe  
  77  6:34  Assimilator  
  77  6:39  Fleet Beacon  
  78  6:41  Probe  
  78  6:43  Probe  
  78  6:46  Probe  
  80  6:49  Forge  
  80  6:53  Void Ray, Probe  
  86  7:03  Void Ray  
  90  7:17  Pylon  
  90  7:22  Photon Cannon  
  90  7:26  Photon Cannon  
  90  7:28  Void Ray, Photon Cannon  
  94  7:32  Immortal  
  98  7:40  Photon Cannon  
  98  7:43  Void Ray, Photon Cannon  
  102  7:54  Probe  
  102  7:55  Probe x2  
  105  8:05  Probe x2  
  111  8:06  Probe  
  111  8:08  Void Ray (Chrono Boost)  
  116  8:16  Probe  
  117  8:26  Photon Cannon  
  117  8:46  Probe  
Show
View Real Time Build Order
Export as new Build Order

ThisGameSuck Protoss - Winner!

Build Orders:  

Get SALT Encoding   

  12  0:01  Probe (Chrono Boost)  
  13  0:11  Probe (Chrono Boost)  
  14  0:18  Pylon  
  14  0:22  Probe (Chrono Boost)  
  15  0:36  Probe (Chrono Boost)  
  15  0:37  Gateway  
  16  0:46  Probe (Chrono Boost)  
  16  0:47  Assimilator  
  18  0:57  Probe (Chrono Boost)  
  18  0:58  Assimilator  
  18  1:05  Gateway  
  18  1:08  Probe (Chrono Boost)  
  19  1:19  Probe (Chrono Boost)  
  20  1:27  Cybernetics Core  
  20  1:29  Probe (Chrono Boost)  
  21  1:35  Pylon  
  21  1:40  Probe (Chrono Boost)  
  22  1:50  Probe (Chrono Boost)  
  23  2:01  Probe (Chrono Boost)  
  24  2:04  Stalker, Warp Gate (Chrono Boost)  
  26  2:09  Stalker  
  26  2:14  Mothership Core  
  30  2:21  Pylon  
  30  2:39  Sentry, Probe  
  33  2:45  Sentry  
  35  2:51  Probe  
  36  3:01  Nexus  
  36  3:03  Probe  
  35  3:15  Probe  
  35  3:17  Pylon  
  36  3:24  Robotics Facility  
  36  3:27  Probe  
  37  3:40  Probe (Chrono Boost)  
  38  3:49  Twilight Council  
  38  3:53  Stalker x2  
  42  3:56  Probe (Chrono Boost)  
  43  4:07  Probe (Chrono Boost)  
  44  4:17  Blink (Chrono Boost)  
  44  4:18  Probe x2  
  46  4:30  Probe  
  46  4:31  Probe  
  46  4:35  Stalker  
  48  4:42  Probe x2  
  50  4:53  Probe  
  50  4:54  Probe  
  50  4:55  Nexus, Phoenix  
  50  4:56  Observer (Chrono Boost)  
  53  5:05  Probe  
  54  5:07  Probe  
  54  5:12  Pylon  
  55  5:16  Immortal (Chrono Boost)  
  55  5:17  Probe  
  55  5:19  Probe  
  61  5:27  Assimilator  
  61  5:29  Probe  
  61  5:32  Probe  
  61  5:33  Assimilator  
  62  5:38  Forge  
  62  5:41  Probe  
  63  5:46  Gateway x2, Probe  
  64  5:53  Probe  
  64  5:54  Immortal (Chrono Boost)  
  69  5:57  Protoss Ground Weapons Level 1 (Chrono Boost)  
  69  5:58  Probe  
  70  6:05  Probe  
  70  6:07  Probe  
  73  6:12  Gateway  
  73  6:16  Charge (Chrono Boost)  
  74  6:22  Assimilator  
  72  6:27  Gateway, Assimilator  
  72  6:31  Gateway  
  72  6:33  Gateway  
  72  6:36  Probe  
  72  6:38  Warp Prism (Chrono Boost), Probe x2  
  77  6:48  Probe  
  77  6:50  Probe x2  
  80  7:00  Pylon, Probe  
  81  7:02  Probe x2  
  81  7:03  Gateway  
  83  7:09  Pylon  
  83  7:12  Probe  
  83  7:14  Probe  
  86  7:23  Templar Archives  
  86  7:26  Gateway  
  86  7:29  Pylon  
  85  7:31  Pylon  
  85  7:33  Probe x3  
  85  7:35  Sentry  
  90  7:37  Zealot x3  
  90  7:42  Pylon  
  96  7:48  Pylon  
  96  7:49  Zealot x2  
  100  8:04  High Templar x4, Pylon  
  100  8:05  High Templar x2, Pylon  
  112  8:08  Archon  
  112  8:10  Archon  
  112  8:11  Archon  
  112  8:19  High Templar x2  
  116  8:20  High Templar  
  116  8:23  Archon  
  118  8:27  High Templar  
  118  8:33  Archon, Pylon  
  120  8:36  Zealot x5  
  130  8:47  Nexus  
  128  8:54  Stalker  
  128  8:55  Stalker x4  
  128  8:59  Zealot x4  
Tags
 
Add a new tag
Caveats
  • Supply blocks, unpowered buildings, or Contaminate may cause inaccurate times.
  • Supply counts are checked every 10 seconds.